 Dungeon Crawl Stone Soup version 0.29.1-12-g30fa7ad0bf (webtiles) character file.

Game seed: 11401223021048435866

287886 GeoRichter the Brawler (level 19, 0/181 HPs)
             Began as a Demonspawn Wanderer on Dec 23, 2022.
             Was a High Priest of Cheibriados.
             Engulfed by a death drake's foul pestilence (16 damage)
             ... on level 3 of the Abyss.
             The game lasted 01:38:35 (39724 turns).

GeoRichter the Brawler (Demonspawn Wanderer)       Turns: 39724, Time: 01:38:36

Health: 0/181      AC: 19    Str: 28      XL:     19   Next: 87%
Magic:  17/17      EV: 21    Int: 15 (22) God:    Cheibriados [*****.]
Gold:   2635       SH: 19    Dex: 31      Spells: 27/39 levels left

rFire   + . .      SeeInvis .     - Unarmed
rCold   + . .      Faith    .   S - +0 kite shield
rNeg    + + .      Spirit   .   u - +0 swamp dragon scales
rPois   +          Reflect  +   (helmet unavailable)
rElec   .          Harm     .   N - +2 cloak {Stlth+}
rCorr   .          Rampage  .   A - +0 pair of gloves
Will    +....      Rage     9%  Y - +3 pair of mountain boots {steadfast, rC+}
Stlth   +++++++...              Q - amulet of Iryetan {Reflect Fragile +Blink Regen+ SH+5}
HPRegen 0.00/turn               R - ring of Ymiacu Wuona {rF+ Slay+6}
MPRegen 0.15/turn               m - ring "Wint" {rN++ MP-9 Str+2 Dex+6 Stlth+}

@: lethally poisoned (0 -> -11), sick, slowed, studying Stealth, very slow
A: horns 3, powered by death 2, powered by pain 2, robust 2, big brain 1,
[berserk 2], clumsy 1[+1], [dopey 2], [low MP 2], [weak 2]
}: 2/15 runes: barnacled, gossamer
a: Renounce Religion, Evoke Blink, Bend Time, Temporal Distortion, Slouch, Step
From Time


You were on level 3 of the Abyss.
You worshipped Cheibriados.
Cheibriados was extremely pleased with you.
You visited 7 branches of the dungeon, and saw 34 of its levels.
You visited the Abyss 2 times.

You collected 4381 gold pieces.
You spent 1746 gold pieces at shops.

Inventory:

Missiles
 a - 25 javelins (quivered)
 r - 12 silver javelins
 H - 4 throwing nets {!f}
Armour
 d - the +9 ice dragon scales "Wuloor" {rElec rPois rF- rC++ Will++ Dex-2}
   (You found it on level 4 of the Shoals)

   Dex:       It affects your dexterity (-2).
   rF:        It makes you vulnerable to fire.
   rC:        It greatly protects you from cold.
   rElec:     It insulates you from electricity.
   rPois:     It protects you from poison.
   Will:      It greatly increases your willpower.
 u - +0 swamp dragon scales (worn)
   (You found it on level 5 of the Lair of Beasts)
 w - a +1 crystal plate armour
   (You took it off Donald on level 1 of the Shoals)
 A - a +0 pair of gloves (worn)
   (You found it on level 1 of the Spider Nest)
 N - a +2 cloak of stealth (worn)
   (You found it on level 5 of the Lair of Beasts)
 S - a +0 kite shield (worn)
   (You found it on level 1 of the Spider Nest)
 T - +0 fire dragon scales
   (You found it on level 14 of the Dungeon)
 Y - the +3 pair of mountain boots (worn) {steadfast, rC+}
   (You found it on level 1 of the Spider Nest)

   It prevents involuntary movement, except for blinking, teleportation, or
   banishment.
   rC:        It protects you from cold.
Jewellery
 m - the ring "Wint" (right hand) {rN++ MP-9 Str+2 Dex+6 Stlth+}
   (You acquired it on level 12 of the Dungeon)

   [ring of dexterity]

   Str:       It affects your strength (+2).
   Dex:       It affects your dexterity (+6).
   rN:        It greatly protects you from negative energy.
   MP:        It affects your magic capacity (-9).
   Stlth:     It makes you more stealthy.
 x - a ring of poison resistance
   (You found it on level 4 of the Dungeon)
 P - a ring of resist corrosion
   (You found it on level 9 of the Dungeon)
 Q - the amulet of Iryetan (around neck) {Reflect Fragile +Blink Regen+ SH+5}
   (You acquired it on level 12 of the Dungeon)

   [amulet of reflection]

   It reflects blocked missile attacks.
   +Blink:    It lets you blink.
   Regen:     It increases your rate of health regeneration.
   Fragile:   It will be destroyed if unequipped.
   SH:        It affects your SH (+5).
 R - the ring of Ymiacu Wuona (left hand) {rF+ Slay+6}
   (You bought it in a shop on level 2 of the Orcish Mines)

   [ring of protection from fire]

   Slay:      It affects your accuracy & damage with ranged weapons and melee
   (+6).
   rF:        It protects you from fire.
Wands
 c - a wand of digging (7)
   (You found it on level 1 of the Shoals)
 e - a wand of charming (22)
   (You found it on level 4 of the Lair of Beasts)
 B - a wand of roots (16)
   (You took it off Joseph on level 9 of the Dungeon)
 O - a wand of acid (3)
   (You found it on level 9 of the Dungeon)
 U - a wand of mindburst (9)
   (You found it on level 1 of the Spider Nest)
Scrolls
 b - 2 scrolls of brand weapon
 l - 7 scrolls of immolation {!r}
 s - 9 scrolls of enchant armour
 y - 5 scrolls of butterflies
 C - 4 scrolls of silence
 D - 7 scrolls of enchant weapon
 F - 3 scrolls of vulnerability {!r}
 I - 4 scrolls of torment {!r}
 K - 5 scrolls of magic mapping
 L - a scroll of teleportation {@r4}
 M - 3 scrolls of amnesia
 V - a scroll of poison
Potions
 g - 7 potions of ambrosia
 h - 7 potions of might
 j - 14 potions of curing {@q1}
 k - 3 potions of resistance
 o - 6 potions of cancellation
 p - 6 potions of lignification {!q}
 q - 5 potions of brilliance
 v - 9 potions of attraction {!q}
 z - 6 potions of flight
 E - 2 potions of magic
 G - 2 potions of invisibility
 J - 6 potions of mutation {!q}


   Skills:
 + Level 13.9 Fighting
 - Level 0.9 Throwing
 + Level 10.8 Armour
 + Level 10.4 Dodging
 - Level 10.0 Stealth
 + Level 8.2 Shields
 * Level 16.9 Unarmed Combat
 - Level 10.5 Spellcasting
 - Level 9.0 Conjurations
 - Level 9.0 Hexes
 - Level 12.3 Transmutations
 + Level 11.8 Invocations
 - Level 1.0 Evocations


You had 27 spell levels left.
You knew the following spells:

 Your Spells              Type           Power      Damage    Failure   Level
a - Wereblood             Tmut           44%        N/A       1%          2
b - Yara's Violent Unrav  Hex/Tmut       19%        3d9       11%         5
c - Irradiate             Conj/Tmut      19%        3d18      11%         5

Your spell library contained the following spells:

 Spells                   Type           Power      Damage    Failure   Level
 Beastly Appendage        Tmut           88%        N/A       1%          1
 Magic Dart               Conj           100%       1d8       1%          1
 Slow                     Hex            100%       N/A       1%          1
 Searing Ray              Conj           68%        2d6       1%          2
 Sting                    Tmut/Pois      100%       1d8       2%          1
 Confusing Touch          Hex            34%        N/A       2%          3
 Dazzling Flash           Conj/Hex       68%        N/A       2%          3
 Tukima's Dance           Hex            34%        N/A       2%          3
 Shock                    Conj/Air       84%        1d8       4%          1
 Ensorcelled Hibernation  Hex/Ice        42%        N/A       8%          2
 Spider Form              Tmut/Pois      26%        N/A       8%          3
 Fulminant Prism          Conj/Hex       17%        3d11      8%          4
 Portal Projectile        Hex/Tloc       42%        N/A       14%         3
 Summon Guardian Golem    Hex/Summ       21%        N/A       14%         3
 Iskenderun's Battlesphe  Conj           34%        2d9       22%         5
 Ice Form                 Ice/Tmut       26%        N/A       24%         4
 Poisonous Vapours        Pois/Air       14%        N/A       43%         2
 Anguish                  Hex/Necr       10%        N/A       43%         4
 Leda's Liquefaction      Hex/Erth       10%        N/A       43%         4
 Call Canine Familiar     Summ           7%         N/A       67%         3
 Frozen Ramparts          Ice            14%        1d3       67%         3
 Swiftness                Air            7%         N/A       67%         3
 Vampiric Draining        Necr           7%         2d6       67%         3
 Lightning Bolt           Conj/Air       10%        1d23      80%         5
 Silence                  Hex/Air        10%        N/A       80%         5
 Airstrike                Air            3%         2d(1-17)  97%         4
 Animate Dead             Necr           7%         N/A       97%         4
 Olgreb's Toxic Radiance  Pois           7%         N/A       97%         4
 Passage of Golubria      Tloc           7%         N/A       97%         4
 Summon Ice Beast         Ice/Summ       7%         N/A       97%         4
 Summon Lightning Spire   Summ/Air       7%         N/A       97%         4
 Statue Form              Tmut/Erth      17%        N/A       98%         6
 Agony                    Necr           7%         N/A       100%        5
 Lee's Rapid Deconstruct  Erth           3%         3d6*      100%        5
 Conjure Ball Lightning   Conj/Air       10%        3x3d6     100%        6
 Iron Shot                Conj/Erth      10%        9d3       100%        6
 Simulacrum               Ice/Necr       3%         N/A       100%        6
 Haunt                    Necr/Summ      3%         N/A       100%        7
 Orb of Destruction       Conj           17%        9d7       100%        7
 Spellforged Servitor     Conj/Summ      10%        N/A       100%        7
 Borgnjor's Revivificati  Necr           3%         N/A       100%        8
 Discord                  Hex            17%        N/A       100%        8
 Disjunction              Tloc           3%         N/A       100%        8
 Infestation              Necr           3%         N/A       100%        8
 Necromutation            Tmut/Necr      13%        N/A       100%        8
 Death's Door             Necr           3%         N/A       100%        9


Dungeon Overview and Level Annotations

Branches:
Dungeon (15/15) Zot: 38283  Temple (1/1) D:5 Zot: 8893    Lair (5/5) D:8 Zot: 31955
 Shoals (4/4) Lair:3 Zot: 30347  Spider (4/4) Lair:3 Zot: 29243   Slime (0/5) Lair:4
    Orc (2/2) D:10 Zot: 15060     Elf (3/3) Orc:2 Zot: 20031  Vaults (0/5) D:14
 Depths (0/4) D:15

Altars:
Ashenzari
Cheibriados
Dithmenos
Fedhas
Gozag
Hepliaklqana
Kikubaaqudgha
Makhleb
Nemelex Xobeh
Okawaru
Qazlal
Ru
Sif Muna
Trog
Uskayaw
Vehumet
Wu Jian
Xom
Yredelemnul
Jiyva

Shops:
D:9 *   Orc:2 ?=![   Elf:1 (

Portals:
Trove: D:15 (give 8 scrolls of fear)

Annotations:
D:13 exclusion: oklob plant
Lair:2 exclusion: oklob plant
Lair:4 1 runed translucent door
Elf:2 3 transporters
Elf:3 Mara


Innate Abilities, Weirdness & Mutations

You have a pair of large horns on your head.
You regenerate health from kills.
You sometimes gain power by taking damage.
You are very robust. (+20% HP)
You have an unusually large brain. (Int +2)
[You have an uncontrollable temper.]
[You are very clumsy. (Dex -4)]
[You are very dopey. (Int -4)]
[Your magical capacity is very low. (-20% MP)]
[You are very weak. (Str -4)]


Message History

You assume a fearsome visage.
The green death resists with almost no effort.
Okay, then.
You hit the green death. The green death gestures at you.
The bolt of poison misses you.
You closely miss the green death. You headbutt the green death!
You barely miss the green death. You headbutt the green death!!
You block the green death's attack.
You barely miss the green death. You headbutt the green death.
You block the green death's attack.
You pulverise the green death!!!
You kill the green death!
Cheibriados appreciates the change of pace.
You feel your intelligence returning.
You start resting.
You start resting.
A small abomination is cast out of reality.
A death drake comes into view.
You catch the helpless small abomination completely off-guard!
You punch the small abomination!
The small abomination hits you but does no damage.
The death drake hisses angrily.
You hit the small abomination.
Your headbutt misses the small abomination.
You block the small abomination's attack.
The death drake breathes miasma at you. The foul vapour misses you.
You pound the small abomination into fine dust!!!
You destroy the small abomination!
Cheibriados appreciates the change of pace.
You are engulfed in dark miasma.
You are poisoned.
* * * LOW HITPOINT WARNING * * *
* * * LOW HITPOINT WARNING * * *
You feel very sick.
You feel better.
You are engulfed in dark miasma.
You are poisoned.
* * * LOW HITPOINT WARNING * * *
You feel sick.
Okay, then.
Attack: -) Nothing wielded
Okay, then.
Throw: 26 javelins
Aim: a death drake (foul pestilence, catching its breath, 67% to hit)
You throw a javelin.
The javelin pierces through the death drake but does no damage.
You are engulfed in dark miasma.
You feel yourself slow down.
You die...

. . .# ..# #
#### ..(# ##.
#.°#...#
#...#°°k○#..#
#°@°...#
#°°°°....#
#.#°.####..
#.§.#.. #
.....#..
....#....#
..#. .# ##
.#.# #.


You could see a death drake (catching breath).

Vanquished Creatures
  Saint Roka (Orc:2)
  Arachne (Spider:2)
  Rupert (D:12)
  Asterion (Elf:1)
  2 deep elf blademasters (Elf:3)
  A deep elf master archer (Elf:3)
  A kraken (Shoals:3)
  2 sphinxes (Shoals:4)
  Agnes (Spider:2)
  Kirke (Shoals:3)
  Roxanne (Elf:2)
  Donald (Shoals:1)
  Louise (Spider:2)
  3 orc warlords
  5 deep elf sorcerers
  4 deep elf elementalists (Elf:3)
  4 emperor scorpions (Spider:4)
  2 ghost moths
  2 broodmothers
  2 deep elf demonologists
  3 elemental wellsprings (Shoals:3)
  4 entropy weavers
  Azrael (Orc:1)
  4 deep elf annihilators (Elf:3)
  2 minotaurs (Shoals:4)
  5 spark wasps
  A blizzard demon (Abyss:3)
  2 fire dragons
  A green death (Abyss:3)
  3 merfolk javelineers
  The ghost of Henri the Fighter, a journeyman MiFi of Uskayaw (D:10)
  2 ettins
  4 merfolk impalers
  5 deep elf death magi
  Josephine (D:14)
  A great orb of eyes (Abyss:2)
  A vault guard (D:14)
  4 hydras
  8 boulder beetles
  3 jorogumos (Spider:3)
  2 catoblepae (Shoals:2)
  3 two-headed ogres
  4 merfolk avatars
  13 satyrs (Shoals:4)
  8 centaur warriors
  5 tengu warriors
  A death scarab (Spider:3)
  Erica (D:9)
  A radroach (Spider:3)
  A merfolk aquamancer (Shoals:2)
  13 death yaks
  22 dancing weapons
  Sonja (Lair:1)
  2 orc high priests (Elf:2)
  Urug (D:12)
  18 deep elf knights
  Nergalle (Lair:1)
  5 pharaoh ants
  6 steelbarb worms
  11 sea snakes
  A glowing orange brain (Abyss:3)
  A deep troll (D:15)
  10 orb spiders
  15 starcursed masses
  12 deep elf archers
  A sun moth (Spider:4)
  A swamp dragon (Lair:5)
  A necromancer (D:15)
  17 orc knights
  5 orc sorcerers
  20 deep elf pyromancers
  26 deep elf zephyrmancers
  20 fauns
  25 harpies
  10 ugly things
  8 cyclopes
  24 wolf spiders
  3 large abominations
  17 manticores
  22 elephants
  4 moths of wrath
  2 merfolk sirens
  Joseph (D:9)
  A water nymph (Shoals:4)
  6 torpor snails
  2 black mambas
  A smoke demon (Abyss:3)
  7 cane toads
  An orange demon (Abyss:2)
  2 unseen horrors (D:12)
  15 komodo dragons
  Psyche (D:11)
  5 kobold demonologists
  Maggie (D:9)
  8 demonic crawlers
  3 rime drakes
  A yaktaur (D:15)
  2 tengu conjurers
  17 merfolk
  10 trolls
  3 meliai (Spider:3)
  11 polar bears
  7 wind drakes
  A hornet (D:7)
  10 snapping turtles
  26 blink frogs
  6 raiju
  3 slime creatures (D:12)
  19 tarantellas
  12 dream sheep
  25 jumping spiders
  4 air elementals
  Sigmund (D:2)
  24 culicivoras
  A spriggan (shapeshifter) (D:13)
  A shadow (D:9)
  5 fire elementals
  A ynoxinul (Abyss:3)
  23 water elementals
  10 wraiths
  3 wyverns
  3 basilisks
  23 yaks
  4 fire bats (Abyss:2)
  A golden eye (shapeshifter) (D:10)
  31 redbacks
  15 vampire mosquitoes
  A neqoxec (Abyss:3)
  A small abomination (Abyss:3)
  2 steam dragons
  15 wargs
  3 acid dragons (Lair:5)
  16 hell hounds
  A floating eye (shapeshifter) (Elf:2)
  8 water moccasins
  2 black bears (shapeshifter)
  3 ice beasts
  A sky beast (D:6)
  2 swamp drakes (Lair:5)
  54 orc warriors
  14 black bears
  A boggart (D:14)
  23 centaurs
  26 wolves
  9 ogres
  4 kobold brigands
  3 phantoms
  10 bullfrogs
  A necrophage (D:6)
  3 scorpions
  4 earth elementals
  2 gnoll sergeants
  7 wights
  6 killer bees
  2 electric eels
  3 jellies
  4 hounds
  16 orc priests
  An iron imp (Abyss:2)
  Jessica (D:3)
  10 iguanas
  Terence (D:2)
  23 orc wizards
  A wolf simulacrum (Lair:1)
  12 gnolls
  10 adders
  3 white imps
  2 ufetubi
  2 worms (D:2)
  3 dart slugs
  91 orcs
  6 endoplasms
  2 giant cockroaches
  8 goblins
  4 hobgoblins
  8 jackals
  4 quokkas
  5 ball pythons
  5 bats
  4 frilled lizards
  13 kobolds
  4 rats
  A starspawn tentacle (Abyss:3)
  5 tentacles (Shoals:3)
1290 creatures vanquished.

Vanquished Creatures (collateral kills)
  A very ugly thing (Abyss:3)
  A deep elf annihilator (Elf:3)
  A deep elf high priest (Elf:3)
  A starcursed mass (Abyss:3)
  4 neqoxecs (Abyss:3)
8 creatures vanquished.

Vanquished Creatures (others)
  A deep elf knight (Elf:2)
  A deep elf pyromancer (Elf:1)
  A faun (Shoals:4)
  2 orcs
  26 fungi
  181 plants
  9 starspawn tentacles (Abyss:3)
  9 tentacles (Shoals:3)
230 creatures vanquished.

Grand Total: 1528 creatures vanquished

Notes
Turn   | Place    | Note
-------+----------+-------------------------------------------
     0 | D:1      | GeoRichter the Demonspawn Wanderer began the quest for the
                  | Orb.
     0 | D:1      | GeoRichter set off with the following items: a +0 club, a
                  | potion of haste {@q3}, a scroll of teleportation {@r4}, a
                  | wand of polymorph (6), a potion of heal wounds {@q2}, a +0
                  | leather armour, a potion of berserk rage.
     0 | D:1      | Reached XP level 1. HP: 13/13 MP: 1/1
   360 | D:1      | Gained mutation: You have a pair of small horns on your
                  | head. [demonic ancestry]
   360 | D:1      | Reached XP level 2. HP: 17/19 MP: 2/2
   374 | D:1      | Reached skill level 1 in Stealth
   672 | D:1      | Reached skill level 5 in Unarmed Combat
   951 | D:2      | Gained mutation: You sometimes gain a little power by
                  | taking damage. [demonic ancestry]
   951 | D:2      | Reached XP level 3. HP: 24/24 MP: 3/3
   965 | D:2      | Noticed Terence
  1436 | D:2      | Found a faded altar of an unknown god.
  2065 | D:2      | Noticed Sigmund
  2104 | D:2      | Gained mutation: You regenerate a little health from kills.
                  | [demonic ancestry]
  2104 | D:2      | Reached XP level 4. HP: 30/30 MP: 4/4
  2123 | D:2      | Killed Sigmund
  2124 | D:2      | Reached skill level 6 in Unarmed Combat
  2124 | D:2      | Gained mutation: You have a pair of horns on your head.
                  | [demonic ancestry]
  2124 | D:2      | Reached XP level 5. HP: 25/35 MP: 5/5
  2420 | D:2      | Killed Terence
  2774 | D:3      | Found a basalt altar of Yredelemnul.
  2907 | D:3      | Reached XP level 6. HP: 41/41 MP: 6/6
  3145 | D:3      | Noticed Jessica
  3149 | D:3      | Killed Jessica
  3199 | D:3      | Found a hazy altar of Hepliaklqana.
  3199 | D:3      | Found a blossoming altar of Fedhas.
  3497 | D:4      | Noticed an ice beast
  3515 | D:4      | Killed an ice beast
  3516 | D:4      | Reached skill level 1 in Fighting
  3733 | D:4      | Reached skill level 7 in Unarmed Combat
  4015 | D:4      | Gained mutation: You sometimes gain power by taking damage.
                  | [demonic ancestry]
  4015 | D:4      | Reached XP level 7. HP: 41/50 MP: 5/7
  4159 | D:5      | Entered Level 5 of the Dungeon
  4412 | D:5      | Reached skill level 8 in Unarmed Combat
  4786 | D:5      | Found an iron altar of Okawaru.
  4876 | D:5      | Found a staircase to the Ecumenical Temple.
  4880 | D:5      | Gained mutation: You have a pair of large horns on your
                  | head. [demonic ancestry]
  4880 | D:5      | Reached XP level 8. HP: 60/60 MP: 8/8
  4887 | Temple   | Entered the Ecumenical Temple
  5163 | D:6      | Reached skill level 9 in Unarmed Combat
  5163 | D:6      | Found a broken altar of Ashenzari.
  5467 | D:6      | Reached skill level 5 in Fighting
  5511 | D:6      | Reached skill level 10 in Unarmed Combat
  5511 | D:6      | Gained mutation: You have an unusually large brain. (Int
                  | +2) [demonic ancestry]
  5511 | D:6      | Reached XP level 9. HP: 23/68 MP: 0/9
  5901 | D:6      | Identified the +3 dagger of Domination {venom, rPois}
  6947 | D:7      | Reached skill level 11 in Unarmed Combat
  7538 | D:8      | Found a staircase to the Lair.
  7860 | D:8      | Gained mutation: You are robust. (+10% HP) [demonic
                  | ancestry]
  7860 | D:8      | Reached XP level 10. HP: 72/86 MP: 10/10
  8115 | D:8      | Found a snail-covered altar of Cheibriados.
  8240 | D:8      | Became a worshipper of Cheibriados the Contemplative
  8919 | D:8      | Reached skill level 12 in Unarmed Combat
  9358 | Lair:1   | Entered Level 1 of the Lair of Beasts
  9461 | Lair:1   | Reached skill level 1 in Dodging
  9465 | Lair:1   | Noticed a cane toad
  9475 | Lair:1   | Killed a cane toad
  9719 | Lair:1   | Noticed Nergalle
  9727 | Lair:1   | Reached * piety under Cheibriados
 10138 | Lair:1   | Noticed an elephant
 10247 | Lair:1   | Noticed an elephant
 10257 | Lair:1   | Noticed an elephant
 10260 | Lair:1   | Killed an elephant
 10265 | Lair:1   | Killed an elephant
 10270 | Lair:1   | Killed an elephant
 10271 | Lair:1   | Gained mutation: You regenerate health from kills. [demonic
                  | ancestry]
 10271 | Lair:1   | Reached XP level 11. HP: 56/95 MP: 8/14
 10568 | Lair:1   | Noticed a spectral orc warlord
 10840 | Lair:1   | Noticed an eight-headed hydra
 10850 | Lair:1   | Killed an eight-headed hydra
 11083 | Lair:1   | Noticed Sonja
 11087 | Lair:1   | Killed Sonja
 11088 | Lair:1   | Reached skill level 5 in Invocations
 11354 | Lair:1   | Noticed a spectral orc warlord
 11358 | Lair:1   | Killed Nergalle
 11359 | Lair:1   | Reached skill level 13 in Unarmed Combat
 11789 | Lair:2   | Reached skill level 5 in Armour
 12272 | Lair:2   | Noticed a death yak
 12272 | Lair:2   | Noticed a death yak
 12282 | Lair:2   | Noticed a death yak
 12283 | Lair:2   | Noticed a death yak
 12284 | Lair:2   | Killed a death yak
 12287 | Lair:2   | Reached ** piety under Cheibriados
 12292 | Lair:2   | Killed a death yak
 12297 | Lair:2   | Killed a death yak
 12303 | Lair:2   | Killed a death yak
 12304 | Lair:2   | Reached XP level 12. HP: 105/105 MP: 14/17
 12756 | Lair:2   | Reached skill level 5 in Dodging
 12922 | Lair:2   | Reached skill level 14 in Unarmed Combat
 13055 | Lair:2   | Reached *** piety under Cheibriados
 14046 | Lair:3   | Reached skill level 10 in Fighting
 14556 | Lair:3   | Found a hole to the Spider Nest.
 14936 | Lair:3   | Found a staircase to the Shoals.
 15301 | Lair:4   | Noticed a seven-headed hydra
 15311 | Lair:4   | Killed a seven-headed hydra
 15412 | Lair:4   | Noticed a death yak
 15413 | Lair:4   | Noticed a death yak
 15413 | Lair:4   | Noticed a death yak
 15427 | Lair:4   | Killed a death yak
 15433 | Lair:4   | Killed a death yak
 15439 | Lair:4   | Killed a death yak
 15750 | Lair:4   | Found a runed translucent door.
 15750 | Lair:4   | Found a viscous altar of Jiyva.
 15782 | Lair:4   | Gained mutation: You are very robust. (+20% HP) [demonic
                  | ancestry]
 15782 | Lair:4   | Reached XP level 13. HP: 99/123 MP: 16/19
 15791 | Lair:4   | Reached skill level 5 in Stealth
 16104 | Lair:4   | Reached **** piety under Cheibriados
 16282 | Lair:4   | Found a staircase to the Slime Pits.
 16342 | Lair:4   | Learned a level 2 spell: Wereblood
 17203 | Lair:5   | Entered Level 5 of the Lair of Beasts
 17226 | Lair:5   | Reached skill level 15 in Unarmed Combat
 17258 | Lair:5   | Reached skill level 10 in Invocations
 17414 | Lair:5   | Reached skill level 1 in Transmutations
 17429 | Lair:5   | Reached skill level 1 in Spellcasting
 17639 | Lair:5   | Reached ***** piety under Cheibriados
 17931 | Lair:5   | Noticed a fire dragon
 17951 | Lair:5   | Killed a fire dragon
 18610 | Lair:5   | Reached XP level 14. HP: 127/135 MP: 18/21
 18786 | Lair:5   | Identified the +11 spear "Qoeteowk" {elec, Stlth+}
 18847 | Lair:5   | Learned a level 5 spell: Yara's Violent Unravelling
 19498 | D:9      | Found a burning altar of Makhleb.
 19498 | D:9      | Noticed a balrug
 19505 | D:9      | Noticed Joseph
 19510 | D:9      | Killed Joseph
 19537 | D:9      | Noticed Erica
 19538 | D:9      | Noticed Maggie
 19548 | D:9      | Killed Maggie
 19549 | D:9      | Reached skill level 5 in Transmutations
 19550 | D:9      | Killed Erica
 19672 | D:9      | Found Henucvem's Overcharged Wands.
 19759 | D:9      | Found a hide-covered altar of Uskayaw.
 20036 | D:10     | Entered Level 10 of the Dungeon
 20293 | D:10     | Found a sacrificial altar of Ru.
 20326 | D:10     | Found a staircase to the Orcish Mines.
 20464 | D:10     | Found a runed translucent door.
 20464 | D:10     | Noticed Henri's ghost (journeyman MiFi)
 20576 | D:10     | Found a stormy altar of Qazlal.
 20911 | D:10     | Killed Henri's ghost
 20942 | Orc:1    | Entered Level 1 of the Orcish Mines
 21018 | Orc:1    | Reached ****** piety under Cheibriados
 21354 | Orc:2    | Entered Level 2 of the Orcish Mines
 21368 | Orc:2    | Noticed Azrael
 21601 | Orc:1    | Killed Azrael
 21891 | Orc:2    | Noticed an orc warlord
 21907 | Orc:2    | Killed an orc warlord
 21913 | Orc:2    | Noticed an orc warlord
 21929 | Orc:2    | Killed an orc warlord
 22043 | Orc:2    | Got the Papyrus of Graupel and Shapeshifting
 22063 | Orc:2    | Learned a level 5 spell: Irradiate
 22090 | Orc:2    | Identified the +4 great sword of the Slime-mould {freeze,
                  | Fly rElec Dex+4}
 22126 | Orc:2    | Found a staircase to the Elven Halls.
 22203 | Orc:2    | Noticed Saint Roka
 22218 | Orc:2    | Killed Saint Roka
 22219 | Orc:2    | Reached skill level 5 in Spellcasting
 22219 | Orc:2    | Reached XP level 15. HP: 110/144 MP: 9/22
 22431 | Orc:2    | Found Macli's Distillery.
 22431 | Orc:2    | Found Jyxti's Jewellery Shop.
 22433 | Orc:2    | Found Etraru's Magic Scroll Boutique.
 22435 | Orc:2    | Found Yrukureyto's Armour Emporium.
 22439 | Orc:2    | Bought a potion of heal wounds for 80 gold pieces
 22439 | Orc:2    | Bought a potion of invisibility for 128 gold pieces
 22439 | Orc:2    | Bought a potion of invisibility for 128 gold pieces
 22439 | Orc:2    | Bought a potion of mutation for 128 gold pieces
 22439 | Orc:2    | Bought a potion of resistance for 160 gold pieces
 22439 | Orc:2    | Bought a potion of heal wounds for 80 gold pieces
 22440 | Orc:2    | Bought the ring of Ymiacu Wuona {rF+ Slay+6} for 858 gold
                  | pieces
 22442 | Orc:2    | Bought 2 scrolls of identify for 64 gold pieces
 22442 | Orc:2    | Bought a scroll of enchant armour for 120 gold pieces
 22875 | D:11     | Noticed Psyche
 22884 | D:11     | Killed Psyche
 23575 | D:12     | Noticed Urug
 23583 | D:12     | Killed Urug
 24207 | D:12     | Reached skill level 1 in Conjurations
 24453 | D:13     | Noticed Rupert
 24524 | D:12     | Killed Rupert
 24528 | D:12     | Identified 3 scrolls of acquirement
 24531 | D:12     | Acquired a manual of Stealth
 24535 | D:12     | Acquired the amulet of Iryetan {Reflect Fragile +Blink
                  | Regen+ SH+5}
 24537 | D:12     | Acquired the ring "Wint" {rN++ MP-9 Str+2 Dex+6 Stlth+}
 24763 | D:13     | Identified the +0 leather armour of the Centipede {Str+4
                  | Stlth+}
 25361 | D:14     | Noticed Josephine
 25365 | D:14     | Killed Josephine
 25509 | D:14     | Identified the +9 battleaxe of Action {freeze, rElec Int+2
                  | Dex+4}
 25610 | D:14     | Found a gate to the Vaults.
 25695 | D:14     | Identified the +1 robe "Genunu Xuol" {Rampage rN+}
 25982 | D:15     | Entered Level 15 of the Dungeon
 25987 | D:15     | Found an ancient bone altar of Kikubaaqudgha.
 26016 | D:15     | Reached skill level 1 in Shields
 26338 | D:15     | Found a staircase to the Depths.
 26576 | D:15     | Found a portal to a secret trove of treasure.
 26987 | Spider:1 | Entered Level 1 of the Spider Nest
 27028 | Spider:1 | Reached XP level 16. HP: 120/154 MP: 16/25
 27059 | Spider:1 | You fall into a shaft and drop 1 floor!
 27110 | Spider:2 | Noticed Louise
 27135 | Spider:2 | Killed Louise
 27198 | Spider:2 | Noticed Arachne
 27207 | Spider:2 | Killed Arachne
 27385 | Spider:2 | Noticed Agnes
 27396 | Spider:2 | Killed Agnes
 28184 | Spider:3 | Acquired 557 gold pieces
 28214 | Spider:3 | Reached skill level 5 in Shields
 28231 | Spider:3 | Reached skill level 5 in Conjurations
 28631 | Spider:3 | Reached skill level 10 in Transmutations
 29090 | Spider:1 | Found the +3 pair of mountain boots {steadfast, rC+}
 29394 | Spider:3 | Identified the +1 helmet of Disaster {rElec rPois rCorr
                  | Dex-4}
 29853 | Spider:4 | Entered Level 4 of the Spider Nest
 29858 | Spider:4 | Identified the ring "Bolufus" {Int+6 Dex+4}
 30202 | Spider:4 | Reached XP level 17. HP: 162/162 MP: 20/29
 30521 | Spider:4 | Reached skill level 1 in Hexes
 30988 | Spider:4 | Identified the +2 hat of Tiuth {rElec}
 30998 | Spider:4 | Got a gossamer rune of Zot
 31350 | Elf:1    | Entered Level 1 of the Elven Halls
 31434 | Elf:1    | Paralysed by an air elemental for 1 turns
 31526 | Elf:1    | Paralysed by an air elemental for 1 turns
 31603 | Elf:1    | Found Ohuuby's Weapon Shop.
 31796 | Elf:1    | Noticed Asterion
 31816 | Elf:1    | Killed Asterion
 31858 | Elf:1    | Reached skill level 5 in Hexes
 32387 | Abyss:2  | Cast into level 2 of the Abyss (a deep elf demonologist)
 32402 | Abyss:2  | Found a corrupted altar of Lugonu.
 32518 | Abyss:2  | Paralysed by a great orb of eyes for 5 turns
 32538 | Elf:1    | Escaped the Abyss
 32995 | Elf:2    | Found a transporter.
 33056 | Elf:2    | Reached skill level 10 in Spellcasting
 33067 | Elf:2    | Gained mutation: [You are clumsy. (Dex -2)] [a neqoxec]
 33137 | Elf:2    | Found a transporter.
 33139 | Elf:2    | Noticed Roxanne
 33152 | Elf:2    | Reached XP level 18. HP: 170/170 MP: 23/32
 33318 | Elf:2    | Found a runed translucent gate.
 33319 | Elf:2    | Found a runed translucent gate.
 33319 | Elf:2    | Found a runed translucent gate.
 33360 | Elf:2    | Found a transporter.
 33361 | Elf:2    | Found a transporter.
 33573 | Elf:2    | Killed Roxanne
 33632 | Elf:2    | Found a transporter.
 33633 | Elf:2    | Found a transporter.
 34283 | Elf:3    | Entered Level 3 of the Elven Halls
 34868 | Elf:3    | Reached skill level 10 in Armour
 35068 | Elf:3    | Noticed Mara
 35078 | Elf:3    | Noticed GeoRichter's illusion
 35434 | Shoals:1 | Entered Level 1 of the Shoals
 35768 | Shoals:1 | Noticed Donald
 35773 | Shoals:1 | Killed Donald
 37228 | Shoals:3 | Reached XP level 19. HP: 178/178 MP: 24/33
 37288 | Shoals:3 | Noticed Kirke
 37293 | Shoals:3 | Reached skill level 16 in Unarmed Combat
 37302 | Shoals:3 | Killed Kirke
 37495 | Shoals:3 | Found the +7 Spriggan's Knife {stab, EV+4 Stlth+}
 38041 | Shoals:4 | Entered Level 4 of the Shoals
 38174 | Shoals:4 | Paralysed by a sphinx for 3 turns
 38264 | Shoals:4 | Reached skill level 10 in Stealth
 38275 | Shoals:4 | Reached skill level 10 in Dodging
 38321 | Shoals:4 | Identified the +4 morningstar "Icwa Hyt" {spect, rElec
                  | Str+2 Int-2 Dex+2}
 38411 | Shoals:4 | Identified the +9 ice dragon scales "Wuloor" {rElec rPois
                  | rF- rC++ Will++ Dex-2}
 38593 | Shoals:4 | Got a barnacled rune of Zot
 39113 | Elf:3    | Noticed GeoRichter's illusion
 39431 | Elf:3    | Identified the +6 pearl dragon scales of the Thunderstorm
                  | {+Inv rN+}
 39431 | Elf:3    | Identified the ring "Eruvaq" {rPois rN+ Will+ Int+4}
 39450 | Elf:3    | Identified the +8 battleaxe "Toxzoit" {vorpal, rElec Will+
                  | rCorr Stlth-}
 39453 | Elf:3    | Identified the +2 mace of Agony {pain, SInv}
 39455 | Elf:3    | Identified the +1 chain mail of the Heavens {Fly rElec}
 39463 | Abyss:3  | Cast into level 3 of the Abyss (a deep elf sorcerer)
 39550 | Abyss:3  | Paralysed by accursed screaming for 1 turns
 39567 | Abyss:3  | Paralysed by accursed screaming for 1 turns
 39584 | Abyss:3  | Paralysed by accursed screaming for 1 turns
 39635 | Abyss:3  | HP: 9/181 [constriction[an orange crystal statue] (5)]
 39724 | Abyss:3  | Engulfed by a death drake's foul pestilence

Illustrated notes

Levels and vault maps discovered:
D:1:      moated_graveyard_arrival, layout_basic, minmay_tetromino_o2
D:2:      layout_loops_cross, shapermc_ecumenical_altar_notcrosses,
          uniq_sigmund, uniq_terence
D:3:      layout_loops_ring, overflow_temple_1_default,
          gammafunk_temple_overflow_statue, corexii_hall_statues_x, uniq_jessica
D:4:      layout_rooms
D:5:      layout_basic, kennysheep_little_box, temple_hall
D:6:      layout_loops_ring, mainiacjoe_overflow_six_doors_small,
          hangedman_abyss_or_decor_slice, chequers_serial_rivers_micro_b
D:7:      layout_gridville, hex_medium
D:8:      layout_loops_corners, mainiacjoe_overflow_boulevard,
          dpeg_oklobed_lair, serial_aquarium, aquarium_bridge_square
          [aquarium_subvault_bridge, aquarium_subvault_balcony,
          aquarium_subvault_bridge, aquarium_subvault_bridge],
          aquarium_bridge_square [aquarium_subvault_window,
          aquarium_subvault_bridge, aquarium_subvault_window,
          aquarium_subvault_wall], aquarium_window_1,
          aquarium_window_corridor_1, aquarium_view_2b, aquarium_view_2e,
          aquarium_balcony_3a, aquarium_pool_S
D:9:      layout_irregular_city, makhleb_altar_promises_db,
          mainiacjoe_overflow_surrounded_room, nicolae_shop_overcharged_wands,
          uniq_joseph, uniq_maggie, uniq_erica
D:10:     layout_basic, nicolae_ru_awakened_eye,
          nicolae_qazlal_eye_of_the_storm, david_orc_3,
          ebering_ghost_reflecting_pool, roderic_roman_lattice,
          kennysheep_generic_room_9
D:11:     layout_cave_pods, uniq_psyche
D:12:     layout_loops_cross, grunt_ministairs_7, uniq_urug
D:13:     layout_irregular_city, dpeg_stationary_puzzle, uniq_rupert
D:14:     layout_roguey, david_vaults_5, serial_bayou_pond_a, uniq_josephine
D:15:     hangedman_depths_entry_civil_slaughter, layout_irregular_city,
          trove_entry_hex_spiral, nicolae_kikubaaqudgha_miasma_corner
Temple:   nicolae_temple_x_marks_the_god
Lair:1:   layout_loops_ring, portal_ice_cave_entry_ice_simulacra, uniq_sonja,
          uniq_nergalle
Lair:2:   layout_hall_layers, minmay_lair_oklob_bushes
Lair:3:   layout_regular_city, minmay_shoals_entry_hut,
          spider_nest_entry_funnel_web, grunt_megastairs_4
Lair:4:   layout_long_grid, slime_entry_2, chequers_serial_rivers_small_3,
          beast_lair_carwin_1
Lair:5:   guppyfry_lair_end_dragon, layout_cave_pods,
          hangedman_lair_caniforms_friends, grunt_megastairs_5
Shoals:1: layout_shoals, nicolae_shoals_water_elemental_grotto, uniq_donald
Shoals:2: nzn_motion_control, layout_shoals
Shoals:3: layout_shoals, nicolae_shoals_raging_river, uniq_kirke
Shoals:4: shoals_end_hellmonk_lost_city
Spider:1: nicolae_spider_mines_3
Spider:2: layout_spider_delve, nicolae_spider_checkerboard,
          hangedman_spider_tarantella_strand, uniq_louise, uniq_arachne,
          uniq_agnes
Spider:3: nicolae_spider_hilbert_zone_1 [nicolae_spider_hilbert_4_sides_1_open,
          nicolae_spider_hilbert_4_sides_1_open,
          nicolae_spider_hilbert_4_sides_1_open,
          nicolae_spider_hilbert_4_sides_1_open,
          nicolae_spider_hilbert_3_sides_1_open,
          nicolae_spider_hilbert_3_sides_1_open,
          nicolae_spider_hilbert_3_sides_1_open,
          nicolae_spider_hilbert_3_sides_1_open,
          nicolae_spider_hilbert_3_sides_1_open,
          nicolae_spider_hilbert_6_sides_1_open,
          nicolae_spider_hilbert_6_sides_1_open,
          nicolae_spider_hilbert_3_sides_1_open,
          nicolae_spider_hilbert_3_sides_1_open,
          nicolae_spider_hilbert_3_sides_1_open,
          nicolae_spider_hilbert_3_sides_1_open,
          nicolae_spider_hilbert_2_sides_1_open], guppyfry_spider_mini_2
Spider:4: guppyfry_spider_rune
Orc:1:    layout_caves, nicolae_orc_bridge_out
Orc:2:    st_orc_rangers, layout_caves, basic_altar, minmay_orc_treasury,
          uniq_azrael, uniq_saint_roka
Elf:1:    eino_elf_arrival_sip, layout_loops_corners, serial_shops,
          nicolae_square_shop, hangedman_elf_represent,
          dreamdust_princess_corridor, minivault_14, hangedman_elven_ridges,
          uniq_asterion
Elf:2:    nicolae_elf_blades_crystal_corner, layout_loops_cross, special_room
          [special_room_orc], st_stairs_14, serial_nicolae_subway,
          nicolae_sub_station_stone, nicolae_sub_station_metal,
          nicolae_sub_station_crystal, uniq_roxanne
Elf:3:    minmay_elf_hall_statues, layout_loops_corners, uniq_mara
Abyss:3:  base: Spider:2, evilmike_abyss_exit_16, hangedman_abyss_theft,
          doesnt_abyss_rune_brain_food

Skill      XL: |  1  2  3  4  5  6  7  8  9 10 11 12 13 14 15 16 17 18 19 |
---------------+----------------------------------------------------------+-----
Stealth        | 1 3 4 5 7 10 | 10.0
Unarmed Combat | 5 6 7 8 10 11 12 13 14 15 16 | 16.9
Fighting       | 2 3 5 7 8 9 10 11 12 13 | 13.9
Armour         | 4 5 6 8 9 10 | 10.8
Dodging        | 2 4 6 7 8 9 10 | 10.4
Invocations    | 4 7 8 10 11 | 11.8
Transmutations | 3 7 9 10 11 12 | 12.3
Spellcasting   | 2 5 6 8 10 | 10.5
Conjurations   | 3 8 9 |  9.0
Shields        | 2 6 7 8 |  8.2
Hexes          | 7 9 |  9.0
Throwing       | |  0.9
Evocations     | |  1.0

Action                   |  1- 3 |  4- 6 |  7- 9 | 10-12 | 13-15 | 16-18 | 19-21 || total
-------------------------+-------+-------+-------+-------+-------+-------+-------++-------
Melee: Unarmed           |    96 |   128 |   305 |   488 |  1124 |  1296 |   455 ||  3892
       Headbutt          |    15 |    16 |    63 |   119 |   283 |   386 |   114 ||   996
       Punch             |     1 |     1 |    14 |    51 |   110 |       |       ||   177
Throw: Javelin           |       |       |       |    16 |    11 |    32 |     9 ||    68
 Cast: Wereblood         |       |       |       |       |    20 |    16 |     7 ||    43
       Irradiate         |       |       |       |       |       |     7 |    10 ||    17
Invok: Bend Time         |       |       |       |     5 |     2 |       |       ||     7
       Slouch            |       |       |       |       |     7 |     6 |     9 ||    22
       Step From Time    |       |       |       |       |       |       |     1 ||     1
       Temporal Distorti |       |       |       |       |       |       |     1 ||     1
Evoke: Wand              |       |       |     1 |    11 |     6 |     8 |       ||    26
  Use: Potion            |       |     2 |     2 |     5 |     1 |    12 |    18 ||    40
       Scroll            |       |       |     1 |    19 |    15 |     7 |     8 ||    50
 Stab: Sleeping          |       |     2 |       |     1 |    35 |    37 |     3 ||    78
       Confused          |       |       |       |       |     1 |       |       ||     1
       Distracted        |       |       |       |       |     3 |     6 |     1 ||    10
       Held in net/web   |       |       |       |       |       |     1 |       ||     1
       Petrified         |       |       |       |       |       |     1 |       ||     1
Armor: Leather armour    |    10 |     2 |       |       |       |       |       ||    12
       Scale mail        |       |    30 |    77 |   135 |    48 |       |       ||   290
       Swamp dragon scal |       |       |       |       |   251 |   365 |   115 ||   731
       Acid dragon scale |       |       |       |       |     5 |       |       ||     5
Dodge: Dodged            |    62 |    65 |   162 |   355 |  1416 |  1048 |   377 ||  3485
Block: Buckler           |       |       |       |       |    85 |   722 |       ||   807
       Other             |       |       |       |       |    31 |       |       ||    31
       Reflection        |       |       |       |       |    13 |    64 |    57 ||   134
       Kite shield       |       |       |       |       |       |   350 |   515 ||   865
